AoeStats
← de one who is win this play

Coastal Forest

510766952Analyzed
3v3 RM · 13h ago on Oct 2, 2026· 21m 3s· 6 players
Game mode
Random Map
Map size
Normal (6 player)
Population
200
Speed
Normal
Resources
Standard
Victory
Conquest
Starting age
Dark Age
Ending age
Imperial Age
RankedLock teamsTeams togetherTeam positionsShared explorationLock speedFull tech treeHidden civsTurbo modeCheats
Victory
Defeat
🇲🇴 Gurjaras · Macao SAR China
1209
+12
🇨🇳 Mongols · China
1118
+16
🇲🇴 Berbers · Macao SAR China
1108
+16
1219
-18
1112
-15
🇨🇳 Malay · China
1023
-11
阿南
0:27 Loom
13:06 Feudal Age
18:01 Double-Bit Axe
de one who is win this play
8:02 Loom
10:36 Feudal Age
15:28 Town Watch
驯龙骑士尹志平
11:26 Feudal Age
12:11 Double-Bit Axe
23:04 Castle Age
21:11 Fishing Lines
21:31 Stone Mining
danielchanlam
10:02 Feudal Age
10:56 Double-Bit Axe
16:35 Bloodlines
17:07 Horse Collar
21:51 Castle Age
19:54 Gold Mining
21:37 Wheelbarrow
ok go
5:32 Loom
8:04 Feudal Age
9:02 Double-Bit Axe
20:54 Castle Age
20:24 Wheelbarrow
20:02 Fletching
20:12 Padded Archer Armor
20:16 Stone Mining
20:35 Gold Mining
21:30 Bodkin Arrow
EddieLooo
12:54 Feudal Age
17:04 Castle Age
15:21 Horse Collar
16:50 Stone Mining
17:31 Double-Bit Axe
19:01 Fletching
Connection lost

Rejoining the realm…

Still unreachable

The connection could not be restored.

Session expired

The server has moved on; the page needs a fresh start.